[Event "Titled Tuesday Blitz October 31 Early 2023"]
[White "Heinemann, Josefine"]
[Black "Manon-og, Ramon Jr."]
[WhiteFideId "12900460"]
[BlackFideId "5200776"]
[WhiteElo "2523"]
[BlackElo "2346"]
[Result "0-1"]
[Round "5"]
[TimeControl "180+1"]
[Date "2023.10.31"]
[WhiteClock "0:00:04"]
[BlackClock "0:00:28"]
[Board "102"]

1. e4 c5 2. Nf3 d6 3. c3 Nf6 4. Bd3 g6 5. Bc2 Bg7 6. O-O O-O 7. d4 b6 8. h3 Bb7 9. Re1 Nbd7 10. Nbd2 Rc8 11. d5 e6 12. c4 exd5 13. cxd5 Re8 14. Nc4 Nf8 15. a4 Ba6 16. Nfd2 Qe7 17. Ne3 N8d7 18. Ra3 Nh5 19. Ndf1 Nf4 20. Qf3 Nh5 21. Ng4 Ne5 22. Nxe5 Qxe5 23. b3 Qc3 24. Qxc3 Bxc3 25. Bd2 Bb4 26. Ra2 Bxd2 27. Nxd2 Nf4 28. Kh2 Nxd5 29. Raa1 Nb4 30. Rac1 Nxc2 31. Rxc2 d5 32. e5 d4 33. f4 Bd3 34. Rcc1 a6 35. Nc4 Bxc4 36. Rxc4 Red8 37. Rec1 a5 38. Kg3 Kf8 39. Kf3 Ke7 40. Ke4 Ke6 41. Rd1 f5+ 42. exf6 Kxf6 43. Kf3 Re8 44. Rd3 Rcd8 45. Rc2 Re1 46. g4 Rde8 47. b4 R1e3+ 48. Rxe3 Rxe3+ 49. Kf2 axb4 50. a5 b3 51. Rb2 bxa5 0-1


[Site "https://www.chess.com"]

[Event "Titled Tuesday Blitz October 31 Early 2023"]
[White "chessculator16"]
[Black "vishwa_vijeta"]
[WhiteElo "2337"]
[BlackElo "2522"]
[Result "1-0"]
[Round "5"]
[TimeControl "180+1"]
[Date "2023.10.31"]
[WhiteClock "0:01:03"]
[BlackClock "0:00:07"]
[Board "103"]

1. d4 Nf6 2. c4 g6 3. Nc3 d5 4. cxd5 Nxd5 5. e4 Nxc3 6. bxc3 Bg7 7. Nf3 c5 8. Bb5+ Nc6 9. d5 Qa5 10. Rb1 a6 11. Bxc6+ bxc6 12. dxc6 O-O 13. O-O Qxc3 14. Be3 c4 15. Qa4 Be6 16. c7 Qd3 17. Ng5 Bd7 18. Qa5 h6 19. Rbd1 Qc2 20. Rxd7 hxg5 21. Rd8 Qxe4 22. Rxa8 Qxa8 23. Bxg5 c3 24. Bxe7 Rc8 25. Bd8 Qc6 26. Rc1 Qd6 27. g3 Qd2 28. Qa3 Bf8 29. Qxc3 Qd5 30. Qc4 Qd7 31. Qxa6 Qd2 32. Qc4 Bd6 33. a4 Ba3 34. Rf1 Qa5 35. Qg4 Qa6 36. Qe4 Bd6 37. Rc1 Qb6 38. Rc6 Qb7 39. Qe8+ Kg7 40. Rxd6 Qb1+ 41. Kg2 Qb7+ 42. Kh3 Qf3 43. Qe5+ Kh7 44. Rd7 Ra8 45. Bf6 Qb3 46. Qe7 Kg8 47. Rd8+ Kh7 48. Rxa8 g5 49. Rh8+ Kg6 50. Bxg5 Kf5 51. Qf6+ Ke4 52. Re8+ Kd3 53. Re3+ Kc2 54. Rxb3 Kxb3 55. c8=Q 1-0


[Site "https://www.chess.com"]

[Event "Titled Tuesday Blitz October 31 Early 2023"]
[White "Evdokimov, Alexey"]
[Black "Demin, Vladimir"]
[WhiteFideId "24162450"]
[BlackFideId "4167457"]
[WhiteElo "2326"]
[BlackElo "2521"]
[Result "0-1"]
[Round "5"]
[TimeControl "180+1"]
[Date "2023.10.31"]
[WhiteClock "0:00:24"]
[BlackClock "0:00:18"]
[Board "104"]

1. e4 e5 2. Nf3 Nc6 3. c3 Nf6 4. d3 d5 5. Nbd2 a5 6. Be2 Bc5 7. O-O O-O 8. h3 a4 9. Re1 h6 10. Bf1 Re8 11. Qc2 Nh5 12. exd5 Qxd5 13. d4 Bd6 14. Bc4 Qa5 15. Qg6 Nf4 16. Qxf7+ Kh7 17. Bd3+ Nxd3 18. Qxe8 Nxe1 19. Nxe1 exd4 20. cxd4 Bf5 21. Qh5 Nxd4 22. Nef3 Nxf3+ 23. Nxf3 Bg6 24. Qxa5 Rxa5 25. Be3 Rb5 26. Bd4 Bc5 27. Bc3 Bb4 28. Rc1 Bxc3 29. Rxc3 c6 30. Rc4 Rxb2 31. Rxa4 b5 32. Ra7 Be4 33. Nd4 b4 34. Ne6 Kg6 35. Nxg7 Bd5 36. Ne8 Rxa2 37. g4 Rxa7 38. Nd6 b3 39. f4 b2 40. f5+ Kf6 41. Kh2 b1=Q 42. Kg3 Qe1+ 43. Kf4 Ra4+ 44. Nc4 Rxc4# 0-1


[Site "https://www.chess.com"]

[Event "Titled Tuesday Blitz October 31 Early 2023"]
[White "Petrova, Irina"]
[Black "Alinasab, Mobina"]
[WhiteFideId "14124122"]
[BlackFideId "12528897"]
[WhiteElo "2325"]
[BlackElo "2521"]
[Result "0-1"]
[Round "5"]
[TimeControl "180+1"]
[Date "2023.10.31"]
[WhiteClock "0:01:04"]
[BlackClock "0:01:03"]
[Board "105"]

1. e4 c5 2. Nf3 d6 3. Bb5+ Bd7 4. Bxd7+ Qxd7 5. O-O Nc6 6. c3 Nf6 7. Re1 g6 8. d4 Bg7 9. d5 Ne5 10. Nxe5 dxe5 11. c4 O-O 12. Nc3 Ne8 13. Be3 b6 14. Qd2 Nd6 15. b3 f5 16. Bh6 f4 17. Bxg7 Kxg7 18. f3 g5 19. h3 h5 20. Kf2 g4 21. hxg4 hxg4 22. Rh1 g3+ 23. Ke2 Rh8 24. Rag1 Qe8 25. Qe1 Qg6 26. Rxh8 Rxh8 27. Rh1 Rh2 28. Rxh2 gxh2 29. Qh1 Qg3 30. Nd1 Ne8 31. Nf2 Nf6 32. Nd3 Nxe4 33. Qf1 Qh4 34. Qh1 Ng3+ 0-1


[Site "https://www.chess.com"]

[Event "Titled Tuesday Blitz October 31 Early 2023"]
[White "Estrada Nieto, Julian"]
[Black "Mora Moron, Jose Ramon"]
[WhiteFideId "5101018"]
[BlackFideId "3902994"]
[WhiteElo "2520"]
[BlackElo "2292"]
[Result "1-0"]
[Round "5"]
[TimeControl "180+1"]
[Date "2023.10.31"]
[WhiteClock "0:00:21"]
[BlackClock "0:00:00"]
[Board "106"]

1. e4 c5 2. Nf3 Nc6 3. Bb5 e6 4. O-O Nge7 5. Re1 a6 6. Bxc6 bxc6 7. d4 cxd4 8. Qxd4 f6 9. c4 e5 10. Qd3 Qb6 11. Nc3 Ng6 12. b3 Bb4 13. Be3 Qc7 14. Red1 O-O 15. Na4 Rb8 16. Bc5 Nf4 17. Qd6 Qxd6 18. Bxd6 Bxd6 19. Rxd6 Ne6 20. Rad1 f5 21. Nxe5 fxe4 22. Nxd7 Bxd7 23. Rxd7 Nf4 24. Nc5 Rf5 25. Nxe4 Rbf8 26. f3 h5 27. Rc7 Ra5 28. Rd2 h4 29. h3 Rb8 30. Rxc6 Rxb3 31. axb3 Ra1+ 32. Kf2 1-0


[Site "https://www.chess.com"]

[Event "Titled Tuesday Blitz October 31 Early 2023"]
[White "Reprintsev, Alexander"]
[Black "Jimenez Fernandez, Rebeca"]
[WhiteFideId "14100541"]
[BlackFideId "32070934"]
[WhiteElo "2516"]
[BlackElo "2243"]
[Result "1-0"]
[Round "5"]
[TimeControl "180+1"]
[Date "2023.10.31"]
[WhiteClock "0:01:14"]
[BlackClock "0:00:00"]
[Board "107"]

1. e4 g6 2. d4 Bg7 3. Nc3 d6 4. h4 h5 5. Nf3 a6 6. Ng5 Nf6 7. f3 b5 8. Be3 Bb7 9. Qd2 Nbd7 10. Be2 c5 11. a4 b4 12. Nd1 cxd4 13. Bxd4 a5 14. Ne3 e5 15. Nc4 O-O 16. Be3 d5 17. Nd6 Bc6 18. exd5 Nxd5 19. Bc4 N7f6 20. Ndxf7 Rxf7 21. Nxf7 Kxf7 22. O-O-O Kf8 23. Bg5 Qe7 24. Bxd5 Bxd5 25. Bxf6 Qxf6 26. Qxd5 Re8 27. g3 Bh6+ 28. Kb1 Bg7 29. Qd6+ 1-0


[Site "https://www.chess.com"]

[Event "Titled Tuesday Blitz October 31 Early 2023"]
[White "Kiseljova, Marya"]
[Black "Aash20"]
[WhiteFideId "4155009"]
[WhiteElo "2233"]
[BlackElo "2514"]
[Result "1-0"]
[Round "5"]
[TimeControl "180+1"]
[Date "2023.10.31"]
[WhiteClock "0:00:06"]
[BlackClock "0:01:21"]
[Board "108"]

1. d4 d5 2. c4 c6 3. Nf3 Nf6 4. g3 g6 5. Bg2 Bg7 6. O-O O-O 7. Nbd2 Bg4 8. Qb3 Qb6 9. Qxb6 axb6 10. cxd5 Nxd5 11. Nb3 Nd7 12. Bg5 Rfe8 13. Rfe1 b5 14. h3 Bxf3 15. Bxf3 e6 16. a3 N7b6 17. Nc5 Bxd4 18. Nxb7 Bxb2 19. Rab1 Bxa3 20. e4 Nc3 21. Rb3 b4 22. Be3 Nc4 23. Bh6 Ra7 24. Nc5 Na5 25. Rbb1 Nxb1 26. Rxb1 Nc4 27. Be2 Nd6 28. Rd1 Nb5 29. Bxb5 cxb5 30. Nb3 Rc7 31. Kg2 Rc3 32. Nd4 Rc2 33. Nxc2 Rc8 34. Nd4 b3 35. Nxb3 Bf8 36. Bxf8 Kxf8 37. Nd4 Rd8 38. Nxe6+ fxe6 39. Rxd8+ Ke7 40. Rb8 Kd6 41. Rxb5 1-0


[Site "https://www.chess.com"]

[Event "Titled Tuesday Blitz October 31 Early 2023"]
[White "MIM06"]
[Black "Iljin, Timofey"]
[BlackFideId "14110180"]
[WhiteElo "2194"]
[BlackElo "2503"]
[Result "0-1"]
[Round "5"]
[TimeControl "180+1"]
[Date "2023.10.31"]
[WhiteClock "0:00:01"]
[BlackClock "0:00:09"]
[Board "110"]

1. e4 e5 2. Nf3 Nc6 3. Bb5 a6 4. Ba4 Nf6 5. d3 b5 6. Bb3 Bc5 7. c3 d6 8. O-O O-O 9. Nbd2 Bb6 10. Bc2 Ne7 11. d4 Ng6 12. a4 Bb7 13. Re1 Re8 14. h3 h6 15. b4 Qd7 16. Bb2 Nf4 17. d5 N6h5 18. c4 Nxg2 19. Nxe5 dxe5 20. Qxh5 Nf4 21. Qf5 Nxh3+ 22. Kg2 Nf4+ 23. Kf1 Qxf5 24. exf5 bxc4 25. Nxc4 Bxd5 26. Nxb6 cxb6 27. Rxe5 Bc4+ 28. Kg1 Nd5 29. Be4 Rxe5 30. Bxe5 Re8 31. Bxd5 Bxd5 32. Bd4 b5 33. axb5 axb5 34. f6 g5 35. Kh2 Kh7 36. Rc1 Kg6 37. Kg3 Bc4 38. f4 Re4 39. Be5 Re3+ 40. Kf2 Re2+ 41. Kg3 Bd5 42. Rc5 Rg2+ 43. Kh3 g4+ 44. Kh4 Bf3 45. Rc8 Kf5 46. Rc3 Rh2+ 47. Kg3 Rh3+ 48. Kf2 h5 49. Rc7 Rh2+ 50. Kg3 Rg2+ 51. Kh4 Rh2+ 52. Kg3 Rh3+ 53. Kf2 h4 54. Rxf7 Bd5 55. Rc7 g3+ 56. Kg1 Rh1# 0-1


[Site "https://www.chess.com"]

[Event "Titled Tuesday Blitz October 31 Early 2023"]
[White "Semenova, Alina"]
[Black "Avazkhonov, Alikhon"]
[WhiteFideId "24113875"]
[BlackFideId "14208504"]
[WhiteElo "2160"]
[BlackElo "2497"]
[Result "0-1"]
[Round "5"]
[TimeControl "180+1"]
[Date "2023.10.31"]
[WhiteClock "0:01:13"]
[BlackClock "0:02:22"]
[Board "111"]

1. e4 c5 2. Nf3 d6 3. d4 cxd4 4. Nxd4 Nf6 5. Nc3 a6 6. f3 e5 7. Nb3 Be6 8. Be3 h5 9. Qd2 Nbd7 10. O-O-O Rc8 11. Kb1 Be7 12. h3 b5 13. Nd5 Bxd5 14. exd5 Nb6 15. Bxb6 Qxb6 16. Bd3 h4 17. Bf5 Rb8 18. Na5 g6 19. Be4 b4 20. Nc6 Rb7 21. Qg5 Nxe4 0-1


[Site "https://www.chess.com"]

[Event "Titled Tuesday Blitz October 31 Early 2023"]
[White "Willy, Stephen"]
[Black "Samarth J Rao"]
[WhiteFideId "30981468"]
[BlackFideId "46652370"]
[WhiteElo "2495"]
[BlackElo "2112"]
[Result "1-0"]
[Round "5"]
[TimeControl "180+1"]
[Date "2023.10.31"]
[WhiteClock "0:01:12"]
[BlackClock "0:00:00"]
[Board "112"]

1. e4 c6 2. d4 d5 3. f3 dxe4 4. fxe4 g6 5. Nf3 Bg7 6. Bc4 Nf6 7. Qe2 O-O 8. O-O Bg4 9. c3 e5 10. Rd1 exd4 11. cxd4 Nbd7 12. Nc3 Qe7 13. h3 Bxf3 14. Qxf3 c5 15. e5 Ne8 16. Nd5 Qd8 17. Qe4 cxd4 18. e6 fxe6 19. Nf4 Nc5 20. Qe2 Kh8 21. b4 e5 22. Nxg6+ hxg6 23. bxc5 Nf6 24. Bg5 1-0


[Site "https://www.chess.com"]

[Event "Titled Tuesday Blitz October 31 Early 2023"]
[White "Costachi, Mihnea"]
[Black "McBryde, Lamel"]
[WhiteFideId "1217518"]
[BlackFideId "2058596"]
[WhiteElo "2734"]
[BlackElo "2421"]
[Result "1-0"]
[Round "5"]
[TimeControl "180+1"]
[Date "2023.10.31"]
[WhiteClock "0:02:09"]
[BlackClock "0:01:30"]
[Board "113"]

1. b3 Nf6 2. Bb2 e6 3. f4 d6 4. Nf3 b6 5. e3 Bb7 6. Be2 Nbd7 7. O-O c5 8. d3 Qc7 9. Nbd2 d5 10. Ne5 Bd6 11. Ndf3 O-O 12. Qe1 Ne8 13. Qh4 f6 14. Ng4 Qc8 15. Rae1 Nc7 16. Bd1 Qe8 17. e4 dxe4 18. dxe4 e5 19. fxe5 Nxe5 20. Nfxe5 Bxe5 21. Nxe5 fxe5 22. Rxf8+ Kxf8 23. Qxh7 1-0


[Site "https://www.chess.com"]

[Event "Titled Tuesday Blitz October 31 Early 2023"]
[White "Miszler, Levente"]
[Black "Arhan_Anand"]
[WhiteFideId "763276"]
[WhiteElo "2416"]
[BlackElo "2691"]
[Result "1-0"]
[Round "5"]
[TimeControl "180+1"]
[Date "2023.10.31"]
[WhiteClock "0:00:36"]
[BlackClock "0:00:00"]
[Board "114"]

1. Nf3 d5 2. d4 Nf6 3. Bf4 c5 4. e3 e6 5. Nbd2 Bd6 6. Bg3 Nc6 7. c3 O-O 8. Bd3 Qc7 9. dxc5 Bxg3 10. hxg3 e5 11. e4 Bg4 12. Qc2 d4 13. Nc4 dxc3 14. Qxc3 Bxf3 15. gxf3 Nd4 16. O-O-O Qxc5 17. f4 Nxe4 18. Qe1 f5 19. Bxe4 Qxc4+ 20. Kb1 fxe4 21. Qxe4 g6 22. fxe5 Rad8 23. e6 Qd5 24. Qxd5 Rxd5 25. Rh4 Re5 26. Rhxd4 Rxe6 27. Rd7 Rf7 28. R1d2 Rxd7 29. Rxd7 Re1+ 30. Kc2 Re2+ 31. Kc1 Rxf2 32. Rxb7 a5 33. Rb5 Rg2 34. Rxa5 Rxg3 35. b4 1-0


[Site "https://www.chess.com"]

[Event "Titled Tuesday Blitz October 31 Early 2023"]
[White "Goswami, Vedant"]
[Black "Wizard_97"]
[WhiteFideId "5003725"]
[WhiteElo "2375"]
[BlackElo "2615"]
[Result "0-1"]
[Round "5"]
[TimeControl "180+1"]
[Date "2023.10.31"]
[WhiteClock "0:00:08"]
[BlackClock "0:02:00"]
[Board "115"]

1. c4 e5 2. Nc3 Nc6 3. e3 Nf6 4. d4 exd4 5. exd4 d5 6. Nf3 Bg4 7. Be3 Bb4 8. Bd3 O-O 9. O-O h6 10. c5 Bxc3 11. bxc3 Re8 12. h3 Bh5 13. Rb1 Qc8 14. Bf4 Ne4 15. Rc1 Na5 16. Re1 Qf5 17. Bxc7 Nc4 18. Bxc4 dxc4 19. Re3 Ng5 20. Nh4 Qd5 21. Qxh5 Rxe3 22. fxe3 Nxh3+ 23. gxh3 Qxh5 0-1


[Site "https://www.chess.com"]

[Event "Titled Tuesday Blitz October 31 Early 2023"]
[White "LiadCuba"]
[Black "Leyva Proenza, Richard"]
[BlackFideId "3500985"]
[WhiteElo "2366"]
[BlackElo "2600"]
[Result "0-1"]
[Round "5"]
[TimeControl "180+1"]
[Date "2023.10.31"]
[WhiteClock "0:00:00"]
[BlackClock "0:00:18"]
[Board "116"]

1. d4 Nf6 2. c4 g6 3. Nc3 Bg7 4. e4 d6 5. Be2 O-O 6. Be3 c5 7. dxc5 Qa5 8. cxd6 Nxe4 9. dxe7 Re8 10. Bd2 Nxc3 11. Qc2 Nc6 12. Bxc3 Bxc3+ 13. Qxc3 Qxc3+ 14. bxc3 Rxe7 15. O-O-O Be6 16. Nf3 Na5 17. Rd4 Rc8 18. Nd2 Rec7 19. Rd1 Bxc4 20. Nxc4 Nxc4 21. Rd8+ Rxd8 22. Rxd8+ Kg7 23. Bxc4 Rxc4 24. Kc2 Rc7 25. Kb3 Kf6 26. a4 Ke7 27. Rd4 Rd7 28. Kc4 Rd6 29. a5 Rf6 30. f4 Re6 31. g4 Re2 32. h4 Rh2 33. h5 gxh5 34. gxh5 Rxh5 35. Kb4 Rf5 36. c4 h5 37. c5 h4 38. a6 bxa6 39. c6 Rb5+ 40. Kc4 Rb1 41. Kd5 Rc1 42. Rc4 Rxc4 43. Kxc4 Kd6 44. c7 Kxc7 0-1


[Site "https://www.chess.com"]

[Event "Titled Tuesday Blitz October 31 Early 2023"]
[White "Aaditya Dhingra"]
[Black "Ovezdurdyyeva, Jemal"]
[WhiteFideId "25678191"]
[BlackFideId "14001888"]
[WhiteElo "2568"]
[BlackElo "2362"]
[Result "1-0"]
[Round "5"]
[TimeControl "180+1"]
[Date "2023.10.31"]
[WhiteClock "0:00:06"]
[BlackClock "0:00:04"]
[Board "117"]

1. e4 d6 2. d4 Nf6 3. Nc3 g6 4. Nf3 c6 5. h3 Bg7 6. Be3 b5 7. e5 dxe5 8. dxe5 Qxd1+ 9. Rxd1 Nfd7 10. e6 fxe6 11. Bd4 e5 12. Be3 O-O 13. h4 Nb6 14. h5 Bf5 15. hxg6 hxg6 16. Bd3 Bxd3 17. Rxd3 Nc4 18. Bc1 Na6 19. a3 Nc5 20. Rd1 e4 21. Ng5 Bxc3+ 22. bxc3 Rf5 23. Rd4 Nxa3 24. Kd1 Nc4 25. Nxe4 Nxe4 26. Rxe4 Rxf2 27. Rxe7 Rd8+ 28. Ke1 Rf7 29. Re6 Rfd7 30. Rxg6+ Kf7 31. Rgh6 Rd1+ 32. Ke2 Rxh1 33. Rxh1 a5 34. Rh6 Rc8 35. g4 a4 36. g5 a3 37. Rh7+ Kg6 38. Ra7 Re8+ 39. Kf3 Rf8+ 40. Ke2 Re8+ 41. Kf2 Rf8+ 42. Ke2 Rf5 43. Ra6 Rc5 44. Kd3 Ne5+ 45. Kd4 Rd5+ 46. Ke4 Nc4 47. Rxc6+ Kh5 48. Kxd5 a2 49. Ra6 Nb6+ 50. Ke4 Na4 51. Bb2 Nxb2 52. Rxa2 Na4 53. Kd4 Kxg5 54. c4 1-0


[Site "https://www.chess.com"]

[Event "Titled Tuesday Blitz October 31 Early 2023"]
[White "Avalos Parra, Joao"]
[Black "Golubev, Mikhail"]
[WhiteFideId "3402541"]
[BlackFideId "14100983"]
[WhiteElo "2346"]
[BlackElo "2562"]
[Result "1-0"]
[Round "5"]
[TimeControl "180+1"]
[Date "2023.10.31"]
[WhiteClock "0:00:14"]
[BlackClock "0:00:00"]
[Board "118"]

1. d4 Nf6 2. c4 g6 3. Nc3 Bg7 4. Nf3 O-O 5. Bg5 d6 6. e3 c5 7. d5 e6 8. Be2 exd5 9. cxd5 Na6 10. h3 Nc7 11. O-O Rb8 12. a4 a6 13. a5 b5 14. axb6 Rxb6 15. Rb1 h6 16. Bh4 g5 17. Bg3 Nh5 18. Bh2 Bxc3 19. bxc3 Rxb1 20. Qxb1 Nxd5 21. Qd3 Be6 22. Ra1 Qf6 23. Rxa6 Nxc3 24. Rxd6 c4 25. Qd2 Ne4 26. Rxe6 Qxe6 27. Qc2 c3 28. Nd4 Qe7 29. Bxh5 Ra8 30. Bd1 Qb7 31. Be5 Ra1 32. Nb3 1-0


[Site "https://www.chess.com"]

[Event "Titled Tuesday Blitz October 31 Early 2023"]
[White "Buscar, Michael"]
[Black "Wartiovaara, Oliver"]
[WhiteFideId "2603616"]
[BlackFideId "513024"]
[WhiteElo "2338"]
[BlackElo "2542"]
[Result "0-1"]
[Round "5"]
[TimeControl "180+1"]
[Date "2023.10.31"]
[WhiteClock "0:01:49"]
[BlackClock "0:02:04"]
[Board "119"]

1. e4 d5 2. Nc3 d4 3. Nce2 c5 4. Ng3 Nc6 5. h3 Nf6 6. Bb5 Bd7 7. d3 Qa5+ 8. Bd2 Qxb5 9. N1e2 h5 10. O-O h4 11. Nf5 g6 12. Nf4 gxf5 13. exf5 Bh6 14. Re1 O-O-O 15. a4 Qb6 16. a5 Qc7 17. a6 Bxf4 18. axb7+ Kb8 19. Bxf4 Qxf4 20. c3 Rhg8 21. Qa4 Qf3 0-1


[Site "https://www.chess.com"]

[Event "Titled Tuesday Blitz October 31 Early 2023"]
[White "sjoerd893"]
[Black "Harriott, Tyrell"]
[BlackFideId "2086484"]
[WhiteElo "2520"]
[BlackElo "2321"]
[Result "1-0"]
[Round "5"]
[TimeControl "180+1"]
[Date "2023.10.31"]
[WhiteClock "0:00:30"]
[BlackClock "0:00:02"]
[Board "120"]

1. e4 d5 2. exd5 Nf6 3. d4 Qxd5 4. Nc3 Qa5 5. Nf3 Ne4 6. Bd2 Nxd2 7. Qxd2 g6 8. Bc4 Bg7 9. O-O-O O-O 10. Kb1 c6 11. h4 Bg4 12. Bb3 Nd7 13. Qf4 Nf6 14. Rde1 e6 15. Ne5 Bf5 16. g4 Rad8 17. gxf5 exf5 18. h5 Nd5 19. Nxd5 cxd5 20. hxg6 hxg6 21. Qh4 Rfe8 22. f4 Qb6 23. c3 Qf6 24. Qxf6 Bxf6 25. Reg1 Kg7 26. Bc2 Kf8 27. Rh7 Bxe5 28. dxe5 d4 29. Bb3 Re7 30. Rxg6 fxg6 31. Rh8+ Kg7 32. Rxd8 dxc3 33. bxc3 Rc7 34. Kb2 Kh6 35. e6 Kg7 36. Rd7+ Rxd7 37. exd7 Kf6 38. d8=Q+ Kg7 39. Qg5 Kf8 40. Be6 Ke8 41. Bxf5 gxf5 42. Qxf5 Ke7 43. Qe5+ Kd8 44. f5 Kc8 45. f6 Kd7 46. Qe7+ Kc6 47. f7 Kb6 48. f8=Q a6 49. Qf2+ Kc6 50. Qec5+ Kd7 51. Qf7+ 1-0


[Site "https://www.chess.com"]

[Event "Titled Tuesday Blitz October 31 Early 2023"]
[White "Witty_Alien"]
[Black "Kotlyar, Kirill"]
[BlackFideId "24145599"]
[WhiteElo "2234"]
[BlackElo "2519"]
[Result "1-0"]
[Round "5"]
[TimeControl "180+1"]
[Date "2023.10.31"]
[WhiteClock "0:00:05"]
[BlackClock "0:00:00"]
[Board "121"]

1. e4 e5 2. d4 exd4 3. c3 d5 4. e5 dxc3 5. Nf3 cxb2 6. Bxb2 Be6 7. Bd3 Nc6 8. O-O Nh6 9. Qb3 Rb8 10. Nbd2 Be7 11. Rac1 O-O 12. h4 Nb4 13. Bb1 c5 14. a3 Nc6 15. Qe3 d4 16. Qf4 f6 17. exf6 Bxf6 18. Ne4 1-0


[Site "https://www.chess.com"]

[Event "Titled Tuesday Blitz October 31 Early 2023"]
[White "HeroRubiksCube"]
[Black "Antonio, Jorge Carlos"]
[BlackFideId "113190"]
[WhiteElo "2504"]
[BlackElo "2316"]
[Result "1-0"]
[Round "5"]
[TimeControl "180+1"]
[Date "2023.10.31"]
[WhiteClock "0:01:03"]
[BlackClock "0:00:00"]
[Board "122"]

1. d4 d5 2. c4 c6 3. Nf3 dxc4 4. e3 b5 5. a4 Qb6 6. axb5 cxb5 7. Ne5 Bb7 8. Be2 a6 9. Bf3 Nf6 10. O-O e6 11. Nc3 Nbd7 12. Nxd7 Nxd7 13. d5 e5 14. e4 Bd6 15. Be3 Bc5 16. Bg5 f6 17. Bh4 g5 18. Bh5+ Ke7 19. Bg3 Bd6 20. Qg4 Nc5 21. h4 Bc8 22. Qf3 h6 23. Nd1 Nd3 24. Ne3 Nf4 25. Bg4 Bc5 26. Bxc8 Raxc8 27. Bxf4 gxf4 28. d6+ Qxd6 29. Nf5+ Kf7 30. Nxd6+ Bxd6 31. Rxa6 Be7 32. Qh5+ Kf8 33. Rfa1 Kg7 34. Ra7 Rhe8 35. Rxe7+ Rxe7 36. Qg4+ Kf7 37. Qxc8 1-0


[Site "https://www.chess.com"]

[Event "Titled Tuesday Blitz October 31 Early 2023"]
[White "Pinero Rodriguez, Carlos Jose"]
[Black "Souza, Gustavo Horokoski De"]
[WhiteFideId "3901726"]
[BlackFideId "2146584"]
[WhiteElo "2495"]
[BlackElo "2144"]
[Result "1-0"]
[Round "5"]
[TimeControl "180+1"]
[Date "2023.10.31"]
[WhiteClock "0:01:03"]
[BlackClock "0:01:58"]
[Board "123"]

1. e4 e6 2. d4 d5 3. e5 c5 4. c3 Nc6 5. Nf3 Nh6 6. a3 Nf5 7. b4 cxd4 8. cxd4 Bd7 9. Bb2 Be7 10. Bd3 O-O 11. O-O Qb6 12. Bxf5 exf5 13. Nc3 Be6 14. Qd3 Rac8 15. Na4 Qd8 16. Rac1 b6 17. Nc3 g5 18. Ne2 Kh8 19. Rc2 Rg8 20. Rfc1 Nb8 21. Rxc8 Bxc8 22. Nd2 Qf8 23. Rc7 Ba6 24. b5 Bc8 25. Rxa7 Qh6 26. Rxe7 1-0


[Site "https://www.chess.com"]

[Event "Titled Tuesday Blitz October 31 Early 2023"]
[White "Panda Sambit"]
[Black "DonCiao"]
[WhiteFideId "25091794"]
[WhiteElo "2489"]
[BlackElo "2142"]
[Result "1-0"]
[Round "5"]
[TimeControl "180+1"]
[Date "2023.10.31"]
[WhiteClock "0:02:10"]
[BlackClock "0:00:36"]
[Board "124"]

1. e4 c5 2. Nf3 Nc6 3. Bb5 g6 4. O-O Bg7 5. c3 e5 6. Bxc6 bxc6 7. d4 cxd4 8. cxd4 exd4 9. Nxd4 Ne7 10. Nc3 O-O 11. Re1 Qb6 12. Nb3 Qc7 13. Bg5 Re8 14. Rc1 h6 15. Bxe7 Rxe7 16. Nd5 Qe5 17. Nxe7+ Qxe7 18. e5 Ba6 19. Nc5 Bc8 20. Qd6 Qe8 21. Qc7 Bf8 22. Ne4 Be7 23. Nf6+ Bxf6 24. exf6 Qf8 25. Re7 h5 26. Rce1 Kh7 27. Re8 Qb4 28. Qd8 Kh6 29. Qe7 Qc4 30. Rh8+ Kg5 31. Qe5+ 1-0


[Site "https://www.chess.com"]

[Event "Titled Tuesday Blitz October 31 Early 2023"]
[White "Elbebiber"]
[Black "MFatigue"]
[WhiteElo "2135"]
[BlackElo "2482"]
[Result "0-1"]
[Round "5"]
[TimeControl "180+1"]
[Date "2023.10.31"]
[WhiteClock "0:00:00"]
[BlackClock "0:00:09"]
[Board "125"]

1. f4 e6 2. Nf3 d5 3. e3 c5 4. b3 Nc6 5. Bb5 a6 6. Bxc6+ bxc6 7. Ne5 Qc7 8. Bb2 Bd6 9. O-O Nf6 10. d3 O-O 11. Nd2 Nd7 12. Ndf3 Nxe5 13. Nxe5 f6 14. Nf3 Bd7 15. g3 Rae8 16. e4 e5 17. f5 c4 18. Kg2 Rd8 19. Qe2 cxd3 20. cxd3 Qb6 21. Rac1 c5 22. Rfd1 Qb7 23. Ba3 Rc8 24. Rc2 Bb5 25. Rdc1 dxe4 26. Qxe4 Bc6 27. Qe3 Bb5 28. Bxc5 Bxc5 29. Rxc5 Rxc5 30. Qxc5 Bxd3 31. Qc6 Qxc6 32. Rxc6 Bb5 33. Rd6 Rc8 34. Rd2 Kf7 35. g4 Ke7 36. Kf2 g6 37. fxg6 hxg6 38. h4 Ke6 39. g5 f5 40. Ne1 e4 41. Ng2 Ke5 42. Ne3 f4 43. Rd5+ Ke6 44. Rd2 fxe3+ 45. Kxe3 Ke5 46. Rf2 Rc3+ 0-1


[Site "https://www.chess.com"]

[Event "Titled Tuesday Blitz October 31 Early 2023"]
[White "Rosh Jain"]
[Black "Perez Cruz, Adianet"]
[WhiteFideId "25789465"]
[BlackFideId "3510115"]
[WhiteElo "2436"]
[BlackElo "1962"]
[Result "1-0"]
[Round "5"]
[TimeControl "180+1"]
[Date "2023.10.31"]
[WhiteClock "0:01:22"]
[BlackClock "0:01:10"]
[Board "126"]

1. g3 c6 2. Bg2 d5 3. d3 Nf6 4. Nf3 h6 5. O-O Bf5 6. Nbd2 Nbd7 7. Re1 e6 8. e4 dxe4 9. dxe4 Bg4 10. b3 Bc5 11. Bb2 Qb6 12. Qe2 Qc7 13. h3 Bxf3 14. Nxf3 O-O-O 15. a4 e5 16. c3 g5 17. b4 Bd6 18. Ba3 Rhg8 19. c4 h5 20. c5 Be7 21. Nd2 Nf8 22. Nc4 Ne6 23. Rac1 Nd4 24. Qe3 g4 25. h4 Nd7 26. Red1 f5 27. exf5 Nxf5 28. Nd6+ Bxd6 29. cxd6 Nxe3 30. dxc7 Nxd1 31. cxd8=R+ Rxd8 32. Rxd1 Re8 33. Be4 Nb6 34. b5 Nc4 35. Bb4 cxb5 36. axb5 1-0


[Site "https://www.chess.com"]

[Event "Titled Tuesday Blitz October 31 Early 2023"]
[White "Smirnov, Timofey"]
[Black "Dragun, Kamil"]
[WhiteFideId "24176427"]
[BlackFideId "1134167"]
[WhiteElo "2322"]
[BlackElo "2813"]
[Result "0-1"]
[Round "5"]
[TimeControl "180+1"]
[Date "2023.10.31"]
[WhiteClock "0:00:01"]
[BlackClock "0:02:02"]
[Board "127"]

1. d4 Nf6 2. Bf4 d5 3. e3 c5 4. c3 e6 5. Nd2 Bd6 6. Bg3 O-O 7. Ngf3 Qc7 8. Bd3 Nbd7 9. O-O e5 10. dxe5 Nxe5 11. Nxe5 Bxe5 12. Bxe5 Qxe5 13. Nf3 Qe7 14. Bc2 Bg4 15. h3 Bh5 16. Bd3 Ne4 17. Be2 Rad8 18. Nd2 Bg6 19. Nxe4 Bxe4 20. Bf3 Rd6 21. Bxe4 dxe4 22. Qc2 Rfd8 23. Rfd1 Rd3 24. c4 Qe5 25. b3 h5 26. h4 Qf6 27. g3 Qf3 28. Rxd3 Rxd3 29. a3 f6 30. b4 g5 31. bxc5 gxh4 32. gxh4 Rd7 33. Qc1 Qh3 34. f4 Rg7+ 35. Kf2 Rg2+ 36. Kf1 Qh1# 0-1


[Site "https://www.chess.com"]